 Dungeon Crawl Stone Soup version 0.26-b1-32-g5d43845318 (webtiles) character file.

Game seed: 2431777279795796635

2825 Borgoz the Basher (level 9, -1/56 HPs)
             Began as a Gargoyle Gladiator on Jan 10, 2021.
             Slain by an orc warrior
             ... wielding a +0 dire flail
              (11 damage)
             ... on level 8 of the Dungeon.
             The game lasted 00:10:55 (9372 turns).

Borgoz the Basher (Gargoyle Gladiator)              Turns: 9372, Time: 00:10:56

Health: -1/56      AC: 14    Str: 19      XL:     9   Next: 73%
Magic:  9/9        EV: 15    Int:  8      God:
Gold:   195        SH:  0    Dex: 13 (14) Spells: 8/8 levels left

rFire    . . .     SeeInvis .   a - +1 flail
rCold    . . .     Faith    .   (no shield)
rNeg     + + .     Spirit   .   t - +0 acid dragon scales (curse)
rPois    ∞         Reflect  .   c - +0 helmet
rElec    +         Harm     .   D - scarf {repulsion}
rCorr    +         Rampage  .   p - +0 pair of gloves
Will     .....                  (no boots)
Stlth    ..........             (no amulet)
HPRegen  0.18/turn              f - ring of attention (curse)
MPRegen  0.11/turn              q - ring of positive energy

@: marked, very slightly contaminated, repel missiles
A: negative energy resistance 1, electricity resistance, unbreathing,
petrification resistance, miasma immunity, AC +6
a: no special abilities


You were on level 8 of the Dungeon.
You visited 2 branches of the dungeon, and saw 9 of its levels.

You collected 443 gold pieces.
You spent 248 gold pieces at shops.

Inventory:

Hand Weapons
 a - a +1 flail (weapon)
Armour
 c - a +0 helmet (worn)
 p - a +0 pair of gloves (worn)
 t - cursed +0 acid dragon scales (worn)
 D - a scarf of repulsion (worn)
Jewellery
 f - a cursed ring of attention (left hand)
 q - a ring of positive energy (right hand)
Wands
 v - a wand of digging (4)
Scrolls
 i - 2 scrolls of blinking {unknown}
 j - a scroll of enchant armour {unknown}
 l - 8 scrolls of remove curse
 m - 2 scrolls of teleportation {unknown}
 n - 2 scrolls of fear {unknown}
 o - 2 scrolls of magic mapping
 x - a scroll of enchant weapon
 y - a scroll of fog {unknown}
 A - a scroll of acquirement {unknown}
 B - a scroll of random uselessness {unknown}
 E - a scroll of silence {unknown}
 F - a scroll of summoning {unknown}
Potions
 b - a potion of mutation {unknown}
 g - 4 potions of curing {unknown}
 s - a potion of degeneration {unknown}
 u - a potion of berserk rage {unknown}
 z - 2 potions of flight {unknown}


   Skills:
 + Level 6.7 Fighting
 * Level 8.9 Maces & Flails
 - Level 1.7 Throwing
 * Level 7.3 Dodging


You had 8 spell levels left.
You didn't know any spells.
Your spell library contained the following spells:

 Spells                   Type           Power        Failure   Level
 Magic Dart               Conj           0%           50%         1
 Blink                    Tloc           N/A          65%         2
 Call Imp                 Summ           0%           65%         2
 Slow                     Hex            0%           65%         2
 Conjure Flame            Conj/Fire      0%           86%         3
 Mephitic Cloud           Conj/Pois/Air  0%           86%         3


Dungeon Overview and Level Annotations

Branches:
Dungeon (8/15)             Temple (1/1) D:5
   Lair: D:8-11

Altars:
Ashenzari
Cheibriados
Dithmenos
Elyvilon
Fedhas
Gozag
Hepliaklqana
Kikubaaqudgha
Makhleb
Nemelex Xobeh
Okawaru
Qazlal
Ru
Sif Muna
Trog
Uskayaw
Vehumet
Wu Jian
Xom
Yredelemnul
Zin
The Shining One

Shops:
D:6 *

Annotations:
D:7 Anon1729's ghost, novice FeSu


Innate Abilities, Weirdness & Mutations

You are resistant to torment.
Your stone body is resilient. (AC +6)
You are immune to poison.
You resist negative energy. (rN+)
You are resistant to electric shocks. (rElec)
You can survive without breathing.
You are immune to petrification.
You are immune to miasma.


Message History

The orc hits you but does no damage.
You strike the helpless quasit from behind!
You sock the quasit!
You kill the quasit!
The orc priest miscasts a cantrip.
The centaur misses you. The orc warrior barely misses you.
The orc closely misses you. The adder bites you but does no damage.
You sock the orc!
You kill the orc!
You flicker back into view.
The centaur hits you.
* * * LOW HITPOINT WARNING * * *
The adder bites you but does no damage.
The orc warrior hits you but does no damage.
The centaur hits you but does no damage.
You sock the orc!
You kill the orc!
The centaur closely misses you. The adder bites you but does no damage.
The orc warrior hits you with a +0 dire flail!
You die...

. >. (.
.# .#
###..#
###coo#
#o@S#o..#
#)### #h#
#l .# <.
... ....
.##.# .#
#.


You could see an orc warrior, a centaur, an iguana, an orc priest, an adder and
an orc.

Vanquished Creatures
  Harold (D:8)
  Maggie (D:7)
  A wyvern (D:8)
  A sky beast (D:6)
  A black bear (D:8)
  An ogre (D:5)
  A phantom (D:5)
  4 centaurs
  A necrophage (D:7)
  A wyvern zombie (D:7)
  Dowan (D:7)
  2 scorpions (D:4)
  2 wights (D:7)
  4 howler monkeys
  A quasit (D:8)
  A centaur zombie (D:7)
  2 hounds
  A jelly (D:6)
  An orc priest (D:7)
  A bullfrog skeleton (D:5)
  A centaur skeleton (D:4)
  3 iguanas
  An orc wizard (D:3)
  3 worker ants
  A hound zombie (D:7)
  A hound skeleton (D:5)
  2 worker ant zombies (D:7)
  4 gnolls (D:2)
  5 adders
  A shadow imp (D:6)
  2 white imps
  3 ufetubi
  2 adder zombies (D:7)
  An ooze (D:4)
  3 worms
  A dart slug (D:1)
  8 leopard geckos
  14 orcs
  3 ball pythons
  9 giant cockroaches
  4 goblins
  4 hobgoblins
  14 jackals
  4 kobolds
  2 quokkas (D:3)
  8 bats
  7 frilled lizards
  A giant cockroach zombie (D:5)
  A jackal zombie (D:7)
  A leopard gecko skeleton (D:7)
  A leopard gecko zombie (D:6)
  10 rats
154 creatures vanquished.

Vanquished Creatures (others)
  Duvessa (D:7)
  2 withered plants (D:7)
3 creatures vanquished.

Grand Total: 157 creatures vanquished

Notes
Turn   | Place    | Note
-------+----------+-------------------------------------------
     0 | D:1      | Borgoz the Gargoyle Gladiator began the quest for the Orb.
     0 | D:1      | Reached XP level 1. HP: 12/12 MP: 1/1
   316 | D:1      | Reached XP level 2. HP: 16/18 MP: 2/2
   783 | D:1      | Reached XP level 3. HP: 16/22 MP: 3/3
  1893 | D:2      | Reached XP level 4. HP: 27/27 MP: 4/4
  2214 | D:2      | Reached skill level 4 in Maces & Flails
  2744 | D:3      | Reached XP level 5. HP: 16/32 MP: 5/5
  3300 | D:3      | Found an ancient bone altar of Kikubaaqudgha.
  3619 | D:3      | You fall into a shaft and drop 2 floors!
  3619 | D:5      | Entered Level 5 of the Dungeon
  3678 | D:5      | Noticed a centaur
  3685 | D:5      | Killed a centaur
  3686 | D:5      | Reached XP level 6. HP: 29/37 MP: 6/6
  3784 | D:5      | Found a staircase to the Ecumenical Temple.
  3795 | Temple   | Entered the Ecumenical Temple
  3888 | D:5      | Reached skill level 5 in Maces & Flails
  4405 | D:4      | Reached XP level 7. HP: 21/43 MP: 7/7
  5458 | D:4      | Found a broken altar of Ashenzari.
  5552 | D:3      | Found a basalt altar of Yredelemnul.
  5552 | D:3      | Found an opulent altar of Gozag.
  5555 | D:3      | Found an iron altar of Okawaru.
  5607 | D:4      | Found a burning altar of Makhleb.
  5815 | D:4      | Reached skill level 6 in Maces & Flails
  6103 | D:5      | Reached skill level 5 in Dodging
  6172 | D:5      | Reached XP level 8. HP: 30/48 MP: 8/8
  6967 | D:6      | Found Ripe's Assorted Antiques.
  6985 | D:6      | Bought a scroll labelled WEN LUUMEPLEFI for 32 gold pieces
  6985 | D:6      | Bought a fizzy dark potion for 28 gold pieces
  6985 | D:6      | Bought a golden potion for 28 gold pieces
  6985 | D:6      | Bought a runed lapis lazuli amulet for 160 gold pieces
  7160 | D:6      | Found an iron altar of Okawaru.
  7208 | D:6      | Reached skill level 5 in Fighting
  7633 | D:6      | Found an opulent altar of Gozag.
  7635 | D:6      | Found a snail-covered altar of Cheibriados.
  7635 | D:6      | Found an opulent altar of Gozag.
  7637 | D:6      | Found a shimmering altar of Xom.
  7637 | D:6      | Found an ornate altar of the Wu Jian Council.
  7637 | D:6      | Found an ornate altar of the Wu Jian Council.
  7689 | D:6      | Found a sacrificial altar of Ru.
  8011 | D:7      | Reached skill level 7 in Maces & Flails
  8181 | D:7      | Found a shadowy altar of Dithmenos.
  8285 | D:7      | Noticed Duvessa
  8286 | D:7      | Noticed Dowan
  8325 | D:7      | Killed Duvessa
  8333 | D:7      | Killed Dowan
  8640 | D:7      | Found a runed translucent gate.
  8642 | D:7      | Found a runed translucent gate.
  8643 | D:7      | Found a runed translucent gate.
  8643 | D:7      | Noticed Anon1729's ghost (novice FeSu)
  8925 | D:7      | Reached XP level 9. HP: 55/55 MP: 9/9
  9016 | D:7      | Noticed Maggie
  9028 | D:7      | Killed Maggie
  9029 | D:7      | Reached skill level 8 in Maces & Flails
  9330 | D:8      | Noticed Harold
  9355 | D:8      | Killed Harold
  9372 | D:8      | Slain by an orc warrior

Illustrated notes

Levels and vault maps discovered:
D:1:      lightli_iron_boxes, layout_rooms, hangedman_decor_points
D:2:      layout_loops_corners
D:3:      layout_basic, nicolae_overflow_hidden_temple, old_standard_altar
D:4:      layout_layer_cave, kennysheep_little_box, overflow_temple_1_default,
          minmay_cupped
D:5:      layout_gridville, minmay_temple_entry_nine_rooms
D:6:      layout_cave_pods, hangedman_ru_absence, doesnt_xom_only_xom,
          serial_shops, nicolae_shop_stone, basic_altar,
          chequers_serial_rivers_small_3
D:7:      layout_loops_ring, ebering_ghost_rock_garden, serial_undead,
          serial_undead_f, serial_undead_c, serial_undead_b, serial_undead_c,
          serial_undead_e, corner_web_ring, grunt_dithmenos_smoke, uniq_maggie,
          uniq_duvessa
D:8:      layout_rooms, serial_shops, shop, uniq_harold
Temple:   eino_temple_lava

Skill      XL: |  1  2  3  4  5  6  7  8  9 |
---------------+----------------------------+-----
Dodging        | 3 4 5 6 7 |  7.3
Maces & Flails | 4 5 6 7 8 |  8.9
Fighting       | 3 4 5 6 |  6.7
Throwing       | |  1.7

Action                   |  1- 3 |  4- 6 |  7- 9 || total
-------------------------+-------+-------+-------++-------
Melee: Flail             |   172 |   174 |   470 ||   816
Throw: Throwing net      |       |     4 |     1 ||     5
  Use: Scroll            |       |     4 |     7 ||    11
       Potion            |       |     1 |     9 ||    10
 Stab: Sleeping          |     1 |       |       ||     1
       Invisible         |       |       |     7 ||     7
Armor: Leather armour    |   108 |    81 |   149 ||   338
       Skin              |       |    15 |       ||    15
       Acid dragon scale |       |       |    93 ||    93
Dodge: Dodged            |   163 |   151 |   631 ||   945
       Repelled          |       |       |     2 ||     2
